AoeStats
← miguelon01

Arena

508995489Analyzed
4v4 RM · 7d ago on Sep 25, 2026· 40m 57s· 8 players
Game mode
Random Map
Map size
Large (8 player)
Population
200
Speed
Normal
Resources
Standard
Victory
Conquest
Starting age
Dark Age
Ending age
Imperial Age
RankedLock teamsTeams togetherTeam positionsShared explorationLock speedFull tech treeHidden civsTurbo modeCheats
Victory
Defeat
🇺🇸 Byzantines · United States
1236
+13
🇺🇸 Vikings · United States
1198
+15
🇧🇷 Turks · Brazil
1177
+15
🇮🇹 Celts · Italy
1164
+16
🇦🇷 Malay · Argentina
1244
-17
🇦🇷 Bohemians · Argentina
1146
-14
🇧🇷 Khmer · Brazil
1145
-14
🇸🇪 Danes · Sweden
1136
-14
AxingQuestions
3:39 Loom
11:01 Feudal Age
14:56 Castle Age
13:03 Double-Bit Axe
13:03 Horse Collar
16:57 Scale Barding Armor
21:57 Bow Saw
22:09 Heavy Plow
25:57 Gold Mining
25:58 Stone Mining
29:28 Imperial Age
28:11 Gold Shaft Mining
27:51 Scale Mail Armor
28:02 Forging
27:56 Squires
27:42 Arson
28:11 Treadmill Crane
29:02 Chain Mail Armor
30:21 Iron Casting
29:42 Town Watch
29:31 Elite Varangian Guard
31:12 Fortified Wall
30:58 Murder Holes
32:08 Two-Man Saw
31:41 Crop Rotation
32:02 Plate Mail Armor
32:55 Blast Furnace
34:57 Conscription
34:41 Chieftains
35:18 Hoardings
35:32 Fletching
38:28 Bodkin Arrow
37:56 Capped Ram
38:59 Siege Ram
40:34 Pikeman
Tikka Masala
10:33 Feudal Age
12:08 Double-Bit Axe
14:31 Castle Age
12:17 Horse Collar
15:41 Bow Saw
15:33 Heavy Plow
18:30 Loom
20:21 Wheelbarrow
20:48 Gold Mining
21:33 Hand Cart
21:05 Loom
24:37 Gold Shaft Mining
27:27 Imperial Age
25:46 Ballistics
27:38 Fortified Wall
27:35 Onager
29:19 Chemistry
28:41 Siege Onager
30:43 Heavy Scorpion
34:52 Furor Celtica
34:50 Siege Engineers
35:47 Conscription
36:11 Murder Holes
36:26 Masonry
38:51 Hoardings
39:34 Caravan
ValleyMage
8:28 Loom
11:05 Feudal Age
13:48 Fletching
21:27 Castle Age
19:41 Double-Bit Axe
21:41 Wheelbarrow
20:52 Horse Collar
21:58 Gold Mining
23:55 Bow Saw
30:50 Bodkin Arrow
32:45 Scale Mail Armor
32:55 Forging
32:54 Scale Barding Armor
36:28 Heavy Plow
38:10 Chain Barding Armor
38:26 Iron Casting
38:57 Hand Cart
42:30 Imperial Age
miguelon01
11:54 Feudal Age
15:43 Castle Age
14:08 Double-Bit Axe
15:08 Gold Mining
18:35 Horse Collar
25:59 Imperial Age
23:51 Stone Mining
25:37 Wheelbarrow
25:42 Bow Saw
34:43 Gold Shaft Mining
34:25 Fletching
34:48 Bloodlines
36:15 Bodkin Arrow
40:47 Scale Barding Armor
40:53 Forging
jp.manhaes94
12:24 Feudal Age
15:58 Castle Age
13:54 Double-Bit Axe
13:52 Horse Collar
22:25 Bow Saw
23:24 Loom
24:14 Wheelbarrow
25:28 Hand Cart
24:59 Town Watch
25:40 Gold Mining
25:52 Heavy Plow
27:00 Town Patrol
27:56 Gold Shaft Mining
32:07 Imperial Age
30:24 Pikeman
30:50 Arson
31:19 Fortified Wall
32:11 Onager
33:14 Double Crossbow
33:35 Conscription
34:19 Chemistry
33:26 Siege Engineers
36:19 Halberdier
37:46 Scale Barding Armor
37:52 Forging
37:35 Light Cavalry
38:26 Bloodlines
38:17 Husbandry
38:49 Chain Barding Armor
39:04 Hussar
Maxi24875
10:39 Feudal Age
14:36 Castle Age
13:11 Double-Bit Axe
14:34 Loom
21:56 Wheelbarrow
21:03 Horse Collar
23:33 Bow Saw
24:53 Hand Cart
29:47 Imperial Age
28:04 Town Watch
28:52 Wagenburg Tactics
29:10 Padded Archer Armor
29:30 Fortified Wall
30:21 Chemistry
29:42 Ballistics
29:45 Town Patrol
30:06 Leather Archer Armor
32:19 Ring Archer Armor
32:15 Conscription
33:19 Elite Skirmisher
34:45 Elite Skirmisher
FappingFuriously
10:51 Feudal Age
15:26 Castle Age
14:05 Forging
13:45 Horse Collar
14:15 Loom
25:51 Arson
35:06 Imperial Age
32:58 Double-Bit Axe
34:09 Scale Mail Armor
34:46 Squires
38:00 Conscription
39:07 Wheelbarrow
40:01 Elite Jomsviking
Klingon86
6:58 Loom
7:19 Loom
9:17 Feudal Age
9:45 Feudal Age
10:45 Fletching
15:40 Double-Bit Axe
18:05 Horse Collar
21:35 Castle Age
21:13 Scale Barding Armor
21:19 Caravan
21:33 Bow Saw
21:25 Heavy Plow
22:49 Husbandry
26:30 Wheelbarrow
27:33 Forging
36:26 Imperial Age
34:00 Gold Mining
35:19 Iron Casting
37:03 Conscription
37:49 Blast Furnace
37:26 Town Watch
38:05 Hand Cart
39:02 Bodkin Arrow
Connection lost

Rejoining the realm…

Still unreachable

The connection could not be restored.

Session expired

The server has moved on; the page needs a fresh start.